AoeStats
← The1AndOnlyKarl

Black Forest

504769898Analyzed
1v1 RM · 26d ago on Sep 6, 2026· 51m 15s· 2 players
Game mode
Random Map
Map size
Tiny (2 player)
Population
200
Speed
Normal
Resources
Standard
Victory
Conquest
Starting age
Dark Age
Ending age
Imperial Age
RankedLock teamsTeams togetherTeam positionsShared explorationLock speedFull tech treeHidden civsTurbo modeCheats
Victory
Defeat
🇩🇪 Khmer · Germany
897
+17
🇫🇷 Ethiopians · France
914
-17
The1AndOnlyKarl
0:57 Loom
12:38 Feudal Age
13:57 Wheelbarrow
17:49 Castle Age
16:20 Double-Bit Axe
16:17 Horse Collar
16:34 Stone Mining
16:39 Horse Collar
18:10 Gold Mining
20:55 Bow Saw
21:22 Hand Cart
22:31 Hand Cart
29:23 Heavy Plow
30:06 Gold Shaft Mining
30:08 Stone Shaft Mining
30:20 Fortified Wall
33:46 Imperial Age
31:08 Town Watch
32:05 Scale Barding Armor
32:11 Forging
32:09 Devotion
32:31 Ballistics
31:49 Light Cavalry
32:40 Bloodlines
32:30 Husbandry
34:43 Town Patrol
35:06 Chain Barding Armor
34:37 Fletching
35:01 Masonry
35:30 Hoardings
37:19 Chemistry
36:58 Plate Barding Armor
36:58 Iron Casting
36:19 Bodkin Arrow
37:20 Elite Ballista Elephant
38:29 Conscription
39:40 Architecture
39:17 Siege Engineers
39:08 Murder Holes
40:16 Blast Furnace
40:47 Crop Rotation
40:28 Bracer
41:58 Double Crossbow
41:51 Hussar
cyriaque.dabo
12:09 Feudal Age
12:42 Gold Mining
12:39 Double-Bit Axe
17:33 Wheelbarrow
19:36 Castle Age
20:06 Fletching
20:11 Horse Collar
29:31 Heavy Plow
29:26 Stone Mining
30:50 Bodkin Arrow
31:11 Forging
32:01 Hand Cart
31:35 Town Watch
32:24 Bow Saw
32:53 Gold Shaft Mining
32:08 Crossbowman
32:53 Thumb Ring
33:55 Ballistics
33:30 Murder Holes
37:12 Imperial Age
34:47 Town Patrol
34:34 Loom
37:22 Arbalester
39:06 Chemistry
37:43 Onager
40:43 Bracer
41:19 Iron Casting
44:14 Light Cavalry
44:55 Husbandry
45:03 Scale Barding Armor
45:59 Blast Furnace
45:35 Hussar
48:30 Siege Onager
Connection lost

Rejoining the realm…

Still unreachable

The connection could not be restored.

Session expired

The server has moved on; the page needs a fresh start.